 Dungeon Crawl Stone Soup version 0.31-a0-339-gda1cbd555d (webtiles) character file.

Game seed: 17098965377003926555

3875 Essalna the Nimble (level 10, -3/77 (80) HPs)
             Began as a Merfolk Shapeshifter on July 19, 2023.
             Was a Believer of Trog.
             Slain by an orc knight
             ... wielding a +0 halberd
              (28 damage)
             ... in a bailey on July 20, 2023.
             The game lasted 00:21:57 (7980 turns).

Essalna the Nimble (Merfolk Shapeshifter)           Turns: 7980, Time: 00:21:57

HP:   -3/77 (80)    AC:  3    Str: 19    XL:     10   Next: 19%
MP:   10/10         EV: 18    Int:  4    God:    Trog [**....]
Gold: 262           SH:  0    Dex: 19    Spells: 9/9 levels left

rFire   + +          +
                       - Unarmed
rCold   . . .        (no shield)
rNeg    . . .        w - +1 robe of the Foremost Towns {rElec rF+++ Str+3 Int-3 Slay+3}
rPois   +            (helmet currently unavailable)
rElec   +            (cloak currently unavailable)
rCorr   .            (gloves currently unavailable)
SInv    .            (boots currently unavailable)
Will    .....        m - amulet of regeneration
Stlth   ++           n - ring of poison resistance
HPRegen 1.12/turn    (no ring)
MPRegen 0.12/turn

%: no passive effects
@: beast-form, studying Long Blades, lightly drained
A: beast (slay +6), (nimble swimmer 2), mertail
a: Begin Untransformation, Renounce Religion, Berserk, Trog's Hand


You were in a bailey.
You worshipped Trog.
Trog was pleased with you.
You were a hulking beast.
You visited 2 branches of the dungeon, and saw 10 of its levels.
You also visited: Bailey.

You collected 262 gold pieces.

Inventory:

Armour
 a - a +1 animal skin
 e - a +2 cloak
 r - a +2 pair of gloves
 w - the +1 robe of the Foremost Towns (worn) {rElec rF+++ Str+3 Int-3 Slay+3}
   (You found it on level 6 of the Dungeon)

   Str:       It affects your strength (+3).
   Int:       It affects your intelligence (-3).
   Slay:      It affects your accuracy & damage with ranged weapons and melee
   (+3).
   rF:        It renders you almost immune to fire.
   rElec:     It insulates you from electricity.
Jewellery
 j - a ring of flight
 m - an amulet of regeneration (around neck)
 n - a ring of poison resistance (left hand)
 q - a +6 ring of intelligence
Talismans
 c - a beast talisman
Wands
 d - a wand of charming (6)
 s - a wand of iceblast (2)
Scrolls
 b - a scroll of amnesia
 h - 4 scrolls of teleportation
 v - 3 scrolls of poison
 z - a scroll of fog
Potions
 f - 2 potions of berserk rage {unknown}
 g - 6 potions of curing
 i - a potion of mutation {unknown}
 k - a potion of attraction
 l - a potion of ambrosia
 o - 2 potions of brilliance {unknown}
 p - a potion of heal wounds {unknown}
 t - 2 potions of enlightenment {unknown}
 u - 3 potions of might {unknown}
 A - 2 potions of resistance {unknown}
 B - a potion of magic {unknown}


   Skills:
 + Level 8.2 Fighting
 + Level 9.8 Dodging
 + Level 8.2 Unarmed Combat
 + Level 8.9 Shapeshifting


You had 9 spell levels left.
You didn't know any spells.
Your spell library contained the following spells:

 Spells                   Type           Power      Damage    Failure   Level
 Freeze                   Ice            0%         1d3       50%         1
 Necrotise                Necr           0%         1d4       50%         1
 Sting                    Tmut/Pois      0%         1d3       50%         1
 Summon Small Mammal      Summ           0%         N/A       50%         1
 Call Canine Familiar     Summ           0%         N/A       86%         3
 Dazzling Flash           Conj/Hex       0%         N/A       86%         3
 Summon Guardian Golem    Hex/Summ       0%         N/A       86%         3
 Volatile Blastmotes      Fire/Tloc      0%         2d10      86%         3
 Starburst                Conj/Fire      0%         6d3       100%        6
 Maxwell's Capacitive Co  Air            0%         ∞         100%        8


Dungeon Overview and Level Annotations

Branches:
Dungeon (9/15)             Temple (1/1) D:5          Bailey (1/1)
   Lair: D:8-11         Orc: D:9-12

Altars:
Ashenzari
Cheibriados
Dithmenos
Elyvilon
Fedhas
Gozag
Hepliaklqana
Kikubaaqudgha
Nemelex Xobeh
Okawaru
Qazlal
Ru
Sif Muna
Trog
Uskayaw
Vehumet
Wu Jian
Xom
Yredelemnul
Zin
The Shining One

Shops:
D:2 [((   D:3 *

Annotations:
D:8 1 runed translucent door, blacky4's ghost, novice TrFi


Innate Abilities, Weirdness & Mutations

You are a hulking beast.
Your limbs bulge with bestial killing power. (Slay +6)
((You are very nimble when in or above water. (Stealth+, EV+, Speed+++)))
Your lower body shifts to a powerful aquatic tail in water.


Message History

Aim: an orc knight, wielding a +0 halberd (moderately wounded)
The mass of ice explodes!
The iceblast engulfs the orc knight!
The orc knight is heavily wounded.
The iceblast engulfs the gnoll!
You kill the gnoll!
Trog accepts your kill.
The iceblast engulfs the orc.
The orc is severely wounded.
You hear a shout!
The orc knight misses you.
Aiming: Iceblast
Press: ? - help, Shift-Dir - straight line, f/p - orc knight
Aim: an orc knight, wielding a +0 halberd (heavily wounded)
The mass of ice explodes!
The iceblast engulfs the orc knight.
The orc knight is severely wounded.
The iceblast engulfs the orc!
You kill the orc!
Trog accepts your kill.
The orc knight hits you from afar with a +0 halberd!
* * * LOW HITPOINT WARNING * * *
Aiming: Iceblast
Press: ? - help, Shift-Dir - straight line, f/p - orc knight
Aim: an orc knight, wielding a +0 halberd (severely wounded)
The mass of ice explodes!
The iceblast engulfs the orc knight!
The orc knight is almost dead.
The iceblast engulfs the orc but does no damage.
The iceblast engulfs the orc!
You kill the orc!
Trog accepts your kill. The orc knight barely misses you.
Aiming: Iceblast
Press: ? - help, Shift-Dir - straight line, f/p - orc knight
Aim: an orc knight, wielding a +0 halberd (almost dead)
The mass of ice explodes!
The iceblast engulfs the orc knight!
The orc knight is almost dead.
The iceblast engulfs the orc!
You kill the orc!
Trog accepts your kill.
The orc knight hits you from afar with a +0 halberd!!
You die...

### ### ##### ###
#'# .# #.#.###)###.#
#'##+##+###'##'##'##
#!.!.! ##.....##
##.!.!. #.....###
.'!.⌠)!' +..⌠..'.#
#.?.o) #.....###
#!.))!## ##.....##
#h###'##'##'##
##)')###)###)# #####
### ###


You could see an orc knight.

Vanquished Creatures
  Sigmund (D:4)
  3 wyverns
  A steam dragon (D:7)
  2 ice beasts (D:6)
  3 orc warriors
  2 black bears
  An ogre (D:6)
  3 centaurs
  2 phantoms (D:5)
  2 kobold brigands (D:8)
  3 bullfrogs
  A wyvern zombie (D:8)
  A scorpion (D:5)
  A gnoll sergeant (D:8)
  9 wights
  A centaur zombie (D:8)
  3 orc priests
  A jelly (D:5)
  2 hounds (D:6)
  2 sleepcaps
  2 iguanas
  Natasha (thrice) (D:3)
  10 orc wizards
  21 gnolls
  4 adders
  A white imp (D:5)
  A worm (D:4)
  2 dart slugs
  43 orcs
  12 ball pythons
  7 bats
  6 endoplasms
  2 giant cockroaches
  13 goblins
  12 hobgoblins
  4 jackals (D:3)
  4 quokkas
  4 frilled lizards
  16 kobolds
  9 rats
220 creatures vanquished.

Vanquished Creatures (others)
  An orc (D:4)
1 creature vanquished.

Grand Total: 221 creatures vanquished

Notes
Turn   | Place    | Note
-------+----------+-------------------------------------------
     0 | D:1      | Essalna the Merfolk Shapeshifter began the quest for the
                  | Orb.
     0 | D:1      | Reached XP level 1. HP: 16/16 MP: 1/1
     9 | D:1      | You fall into a shaft and drop 1 floor!
    19 | D:2      | Found Utha's Weapon Shoppe.
    27 | D:2      | Found Ipacs's Weapon Shop.
    80 | D:1      | Reached XP level 2. HP: 11/23 MP: 2/2
    83 | D:1      | Reached skill level 3 in Dodging
   423 | D:1      | Reached XP level 3. HP: 25/28 MP: 3/3
  1158 | D:2      | Found a faded altar of an unknown god.
  1382 | D:2      | Found Dame's Antique Armour Emporium.
  1714 | D:3      | Found an opulent altar of Gozag.
  1825 | D:3      | Noticed Natasha
  1845 | D:3      | Killed Natasha
  1846 | D:3      | Reached XP level 4. HP: 23/35 MP: 4/4
  1859 | D:3      | Noticed Natasha
  1869 | D:3      | Killed Natasha
  1870 | D:3      | Reached skill level 4 in Dodging
  1880 | D:3      | Reached XP level 5. HP: 40/41 MP: 5/5
  1915 | D:3      | Noticed Natasha
  1926 | D:3      | Killed Natasha
  1984 | D:3      | Found Cynak's General Store.
  2113 | D:4      | Noticed Sigmund
  2242 | D:4      | Noticed an orc warrior
  2320 | D:3      | Got Even Learners Can Use Mysticism!
  2365 | D:4      | Reached skill level 5 in Shapeshifting
  2491 | D:4      | Reached XP level 6. HP: 45/48 MP: 6/6
  3149 | D:4      | Reached skill level 5 in Dodging
  3226 | D:4      | Killed Sigmund
  3227 | D:4      | Reached XP level 7. HP: 40/55 MP: 7/7
  3260 | D:4      | HP: 2/55 [orc/+0 mace (6)]
  3426 | D:4      | Upgraded the game from 0.31-a0-329-g52107efa6a to
                  | 0.31-a0-339-gda1cbd555d
  3719 | D:5      | Entered Level 5 of the Dungeon
  3736 | D:5      | Reached skill level 6 in Dodging
  3736 | D:5      | Reached skill level 5 in Unarmed Combat
  3739 | D:5      | Reached skill level 5 in Fighting
  3861 | D:5      | Found a snail-covered altar of Cheibriados.
  3915 | D:5      | Reached XP level 8. HP: 21/62 MP: 8/8
  4019 | D:5      | Found a staircase to the Ecumenical Temple.
  4026 | Temple   | Entered the Ecumenical Temple
  4300 | D:5      | Found a bloodstained altar of Trog.
  4392 | D:5      | Became a worshipper of Trog the Wrathful
  4572 | D:6      | Noticed a wyvern
  4750 | D:6      | Reached skill level 7 in Dodging
  5130 | D:6      | Found a blossoming altar of Fedhas.
  5215 | D:6      | Killed a wyvern
  5407 | D:6      | Identified the +1 robe of the Foremost Towns {rElec rF+++
                  | Str+3 Int-3 Slay+3}
  5457 | D:6      | Reached XP level 9. HP: 71/71 MP: 9/9
  5600 | D:7      | Reached skill level 8 in Dodging
  5783 | D:7      | Found a shimmering blue altar of Sif Muna.
  5794 | D:7      | Found a radiant altar of Vehumet.
  5874 | D:7      | Found a hide-covered altar of Uskayaw.
  6247 | D:6      | Noticed a rust devil
  6247 | D:6      | Noticed a rust devil
  6256 | D:7      | Reached * piety under Trog
  6501 | D:8      | Reached skill level 9 in Dodging
  6519 | D:8      | Noticed blacky4's ghost (novice TrFi)
  6535 | D:8      | Found a runed translucent door.
  6725 | D:7      | Found a sacrificial altar of Ru.
  7034 | D:8      | Found a shadowy altar of Dithmenos.
  7112 | D:8      | Reached XP level 10. HP: 80/80 MP: 10/10
  7118 | D:8      | Reached ** piety under Trog
  7226 | D:8      | Found a basalt altar of Yredelemnul.
  7790 | D:9      | Found a flagged portal.
  7799 | Bailey   | Entered a bailey
  7972 | Bailey   | Noticed an orc knight
  7980 | Bailey   | Slain by an orc knight

Illustrated notes

Levels and vault maps discovered:
D:1:      dpeg_arrival_round_a, layout_basic, serial_bayou_ford_a,
          amethyst_killhole
D:2:      layout_loops_ring, serial_shops, shop, shop, nicolae_shop_stone,
          hellmonk_ecumenical_altar_zigzags
D:3:      layout_rooms, nicolae_gozag_seed_capital, serial_shops, shop,
          st_stairs_5, dk_noncrumbling_4, uniq_natasha
D:4:      minmay_chambers_of_threes, layout_gridville,
          hangedman_abyss_or_decor_stagger, guppyfry_early_orc_mine,
          uniq_sigmund
D:5:      black_bear_nest_2, layout_cave_pools, mainiacjoe_overflow_24_doors,
          trog_book, minmay_temple_entry_ruins, skrybe_limestone_x,
          dreamdust_princess_bridge
D:6:      cheibrodos_iron_armory, layout_basic, old_standard_altar,
          chequers_serial_rivers_marsh
D:7:      layout_gridville, mainiacjoe_overflow_surrounded_room,
          mainiacjoe_overflow_alcove_4, nicolae_ru_the_path_less_chosen,
          nicolae_vehumet_radiance
D:8:      layout_basic, mainiacjoe_overflow_alcove_1,
          lemuel_zombie_altar_yredelemnul, hellmonk_ghost_big_iron
D:9:      layout_roguey, mainiacjoe_overflow_six_doors_small, erik_orc_2,
          enter_bailey_5, chequers_serial_rivers_large_a, nicolae_shop_fire_sale
          [nicolae_sub_dead_trees], minmay_statues_item, uniq_erica,
          uniq_maurice, uniq_harold
Temple:   jpeg_temple_clearing
Bailey:   bailey_polearm_nasty_gnolls, bailey

Skill      XL: |  1  2  3  4  5  6  7  8  9 10 |
---------------+-------------------------------+-----
Dodging        | 3 4 5 6 7 9 |  9.8
Fighting       | 3 4 5 6 7 8 |  8.2
Unarmed Combat | 3 4 5 6 7 8 |  8.2
Shapeshifting  | 5 6 7 8 |  8.9

Action                     |  1- 3 |  4- 6 |  7- 9 | 10-12 || total
---------------------------+-------+-------+-------+-------++-------
  Melee: Unarmed           |   122 |   156 |   300 |    64 ||   642
         Tailslap          |     3 |       |       |       ||     3
         Punch             |     2 |     4 |    18 |     2 ||    26
  Evoke: Wand              |       |       |     2 |     6 ||     8
    Use: Scroll            |       |     9 |     3 |     2 ||    14
         Potion            |       |     1 |     3 |       ||     4
   Stab: Sleeping          |     3 |       |     6 |     7 ||    16
         Invisible         |       |     1 |     2 |       ||     3
 Armour: Animal skin       |    13 |    35 |    10 |       ||    58
         Skin              |       |       |     3 |       ||     3
         Robe              |       |       |     4 |     3 ||     7
  Dodge: Dodged            |    87 |   113 |   223 |    60 ||   483

Table legend: (Time is in decaauts)
 A = Elapsed time spent in this place.
 B = Non-inter-level travel time spent in this place.
 C = Inter-level travel time spent in this place.
 D = Time resting spent in this place.
 E = Time spent auto-exploring this place.
 F = Levels seen in this place.
 G = Mean time per level.
                   A        B        C        D        E       F      G
               +--------+--------+--------+--------+--------+-----+--------+
         Total |   7906 |   7247 |    659 |      0 |   5602 |  11 |  718.7 |
       Dungeon |   7719 |   7068 |    651 |      0 |   5496 |   9 |  857.7 |
        Temple |      9 |      1 |      8 |      0 |      0 |   1 |    9.0 |
        Bailey |    177 |    177 |      0 |      0 |    106 |   1 |  177.0 |
               +--------+--------+--------+--------+--------+-----+--------+

Top non-repeatable levels by time:
     D:4: 1373 daAuts
     D:6: 1201 daAuts
     D:8: 1144 daAuts
     D:1: 890 daAuts
     D:7: 885 daAuts
     D:2: 804 daAuts
     D:5: 686 daAuts
     D:3: 630 daAuts
  Bailey: 177 daAuts
     D:9: 103 daAuts
  Temple: 9 daAuts
